 Dungeon Crawl Stone Soup version 0.23-a0-163-g800ba1ec23 (webtiles) character file.

114 Ablot the Charmwright (level 4, 0/38 HPs)
             Began as a Gnoll Skald on Sept 9, 2018.
             Slain by a white imp (1 damage)
             ... summoned by Natasha
             ... on level 3 of the Dungeon.
             The game lasted 00:02:44 (1748 turns).

Ablot the Charmwright (Gnoll Skald)                 Turns: 1748, Time: 00:02:45

Health: 0/38       AC:  3    Str: 18    XL:     4   Next: 97%
Magic:  3/11       EV: 14    Int: 15    God:
Gold:   100        SH:  0    Dex: 14    Spells: 2/13 levels left

rFire    . . .     SeeInvis .   a - +0 spear
rCold    + . .     Gourm    .   (no shield)
rNeg     . . .     Faith    .   b - +0 leather armour
rPois    .         Spirit   .   (no helmet)
rElec    .         Reflect  .   (no cloak)
rCorr    .         Harm     .   (no gloves)
MR       .....                  (no boots)
Stlth    ++........             (no amulet)
HPRegen  0.12/turn              q - ring of protection from cold
MPRegen  0.12/turn              r - +3 ring of strength

@: infused
A: distributed training, fangs 1, strong nose
a: no special abilities


You were on level 3 of the Dungeon.
You were hungry.

You visited 1 branch of the dungeon, and saw 3 of its levels.

You collected 100 gold pieces.

Inventory:

Hand Weapons
 a - a +0 spear (weapon)
Missiles
 h - 59 stones (quivered)
 j - 64 sling bullets
 n - 19 bolts
Armour
 b - a +0 leather armour (worn)
 p - a +0 buckler
Jewellery
 q - a ring of protection from cold (left hand)
 r - a +3 ring of strength (right hand)
Scrolls
 c - 2 scrolls of immolation {unknown}
 g - 4 scrolls of identify {unknown}
 i - a scroll of enchant weapon {unknown}
 k - 2 scrolls of fog {unknown}
 o - 2 scrolls of fear {unknown}
 u - 2 scrolls of enchant armour {unknown}
 v - a scroll of teleportation {unknown}
 w - a scroll of noise {unknown}
Potions
 e - a potion of curing {unknown}
 f - a potion of flight {unknown}
 l - a potion of invisibility {unknown}
 s - a potion of haste {unknown}
 t - a potion of berserk rage {unknown}
Comestibles
 d - 4 rations
 m - a chunk of flesh


   Skills:
 + Level 4.7 Fighting
 + Level 1.2 Short Blades
 + Level 1.2 Long Blades
 + Level 1.2 Axes
 + Level 1.2 Maces & Flails
 + Level 4.7 Polearms
 + Level 1.2 Staves
 + Level 1.2 Slings
 + Level 1.2 Bows
 + Level 1.2 Crossbows
 + Level 1.2 Throwing
 + Level 2.8 Armour
 + Level 4.7 Dodging
 + Level 1.2 Stealth
 + Level 1.2 Shields
 + Level 1.2 Unarmed Combat
 + Level 5.1 Spellcasting
 + Level 1.0 Conjurations
 + Level 1.0 Hexes
 + Level 5.5 Charms
 + Level 1.0 Summonings
 + Level 1.0 Necromancy
 + Level 1.0 Translocations
 + Level 1.0 Transmutations
 + Level 1.0 Fire Magic
 + Level 1.0 Ice Magic
 + Level 1.0 Air Magic
 + Level 1.0 Earth Magic
 + Level 1.0 Poison Magic
 + Level 1.4 Invocations
 + Level 1.2 Evocations


You had 2 spell levels left.
You knew the following spells:

 Your Spells              Type           Power        Failure   Level  Hunger
a - Infusion              Chrm           ###.         1%          1    None
b - Song of Slaying       Chrm           ###.....     3%          2    ##.....
c - Shroud of Golubria    Chrm/Tloc      ##........   8%          2    ##.....
d - Regeneration          Chrm/Necr      ##........   16%         3    ###....
e - Spectral Weapon       Hex/Chrm       ##......     16%         3    ###....

Your spell library contained the following spells:

 Spells                   Type           Power        Failure   Level  Hunger


Dungeon Overview and Level Annotations

Branches:
Dungeon (3/15)

Altars:
Ashenzari
Gozag
Makhleb
Nemelex Xobeh
Sif Muna
Trog
Wu Jian
Zin

Annotations:
D:3 Natasha


Innate Abilities, Weirdness & Mutations

Your experience applies equally to all skills.
You have very sharp teeth.
Your uncanny sense of smell can sniff out nearby items.


Message History

A hound comes into view.
Natasha closely misses you.
The white imp hits you but does no damage.
The bat closely misses your spectral weapon.
The dart slug bites you but does no damage.
You miss Natasha.
Natasha is heavily wounded.
Your spectral weapon hits Natasha.
The bat barely misses your spectral weapon. x2
Natasha claws your spectral weapon.
Your spectral weapon shares its damage with you!
* * * LOW HITPOINT WARNING * * *
The white imp barely misses you. The worm closely misses you.
The bat closely misses your spectral weapon.
The bat closely misses your spectral weapon.
Natasha claws your spectral weapon!
Your spectral weapon shares its damage with you!
* * * LOW HITPOINT WARNING * * *
The white imp hits you.
You die...

#.. ......... ..
..##.#..#.?. ...
..#......#...
...##h......##..
...............
..........#.#
...##.whb.....#
......w(5.....#
...####@....#.###
#.>...#...#
#..<..##..#
#.........#
#.######..# #.#
##.# ... #.# ∆
....∆ #.# .....
##.#####


You could see a worm, a hound, Natasha, a white imp, a dart slug, a bat and a
friendly spectral spear.

Vanquished Creatures
  4 adders
  An ooze (D:1)
  2 adder skeletons (D:2)
  4 worms
  A dart slug (D:1)
  4 leopard geckos
  4 giant cockroaches
  4 goblins
  5 hobgoblins
  3 jackals (D:2)
  A ball python (D:1)
  5 bats
  2 frilled lizards (D:1)
  7 kobolds
  6 rats
53 creatures vanquished.

Notes
Turn   | Place    | Note
-------+----------+-------------------------------------------
     0 | D:1      | Ablot the Gnoll Skald began the quest for the Orb.
     0 | D:1      | Reached XP level 1. HP: 20/20 MP: 6/6
    61 | D:1      | Reached XP level 2. HP: 26/26 MP: 7/7
   109 | D:1      | Learned a level 2 spell: Song of Slaying
   112 | D:1      | Learned a level 2 spell: Shroud of Golubria
   430 | D:1      | Reached XP level 3. HP: 27/31 MP: 9/9
   435 | D:1      | Learned a level 3 spell: Regeneration
   439 | D:1      | Learned a level 3 spell: Spectral Weapon
   559 | D:1      | Reached skill level 5 in Spellcasting
   978 | D:2      | Reached skill level 1 in Invocations
  1044 | D:2      | Found a bloodstained altar of Trog.
  1128 | D:2      | Reached skill level 1 in Short Blades
  1128 | D:2      | Reached skill level 1 in Long Blades
  1128 | D:2      | Reached skill level 1 in Axes
  1128 | D:2      | Reached skill level 1 in Maces & Flails
  1128 | D:2      | Reached skill level 1 in Staves
  1128 | D:2      | Reached skill level 1 in Slings
  1128 | D:2      | Reached skill level 1 in Bows
  1128 | D:2      | Reached skill level 1 in Crossbows
  1128 | D:2      | Reached skill level 1 in Throwing
  1128 | D:2      | Reached skill level 1 in Stealth
  1128 | D:2      | Reached skill level 1 in Shields
  1128 | D:2      | Reached skill level 1 in Unarmed Combat
  1128 | D:2      | Reached skill level 1 in Evocations
  1128 | D:2      | Reached XP level 4. HP: 31/38 MP: 4/11
  1222 | D:2      | Found a burning altar of Makhleb.
  1374 | D:2      | Found a shattered altar of Ashenzari.
  1375 | D:2      | Found an ornate altar of the Wu Jian Council.
  1376 | D:2      | Found a deep blue altar of Sif Muna.
  1398 | D:2      | Reached skill level 1 in Conjurations
  1398 | D:2      | Reached skill level 1 in Hexes
  1398 | D:2      | Reached skill level 1 in Summonings
  1398 | D:2      | Reached skill level 1 in Necromancy
  1398 | D:2      | Reached skill level 1 in Translocations
  1398 | D:2      | Reached skill level 1 in Transmutations
  1398 | D:2      | Reached skill level 1 in Fire Magic
  1398 | D:2      | Reached skill level 1 in Ice Magic
  1398 | D:2      | Reached skill level 1 in Air Magic
  1398 | D:2      | Reached skill level 1 in Earth Magic
  1398 | D:2      | Reached skill level 1 in Poison Magic
  1430 | D:2      | Found a glowing silver altar of Zin.
  1432 | D:2      | Found a sparkling altar of Nemelex Xobeh.
  1584 | D:2      | Found an opulent altar of Gozag.
  1734 | D:3      | Noticed Natasha
  1748 | D:3      | HP: 1/38 [Natasha (4)]
  1748 | D:3      | Slain by a white imp

Vault maps used:
D:1:      lemuel_arrival_muddy, nrook_mini_vaults
D:2:      overflow_temple_1_default, nicolae_overflow_crystal_walls,
          grunt_temple_overflow_open,
          nicolae_gozag_cash_rules_everything_around_me, serial_undead,
          serial_undead_c, serial_undead_e, serial_undead_f, serial_undead_d
D:3:      fedhas_altar_1, uniq_natasha, uniq_sigmund

Skill      XL: |  1  2  3  4 |
---------------+-------------+-----
Spellcasting   | 5 |  5.1
Invocations    | 1 |  1.4
Short Blades   | 1 |  1.2
Long Blades    | 1 |  1.2
Axes           | 1 |  1.2
Maces & Flails | 1 |  1.2
Staves         | 1 |  1.2
Slings         | 1 |  1.2
Bows           | 1 |  1.2
Crossbows      | 1 |  1.2
Throwing       | 1 |  1.2
Stealth        | 1 |  1.2
Shields        | 1 |  1.2
Unarmed Combat | 1 |  1.2
Evocations     | 1 |  1.2
Conjurations   | 1 |  1.0
Hexes          | 1 |  1.0
Summonings     | 1 |  1.0
Necromancy     | 1 |  1.0
Translocations | 1 |  1.0
Transmutations | 1 |  1.0
Fire Magic     | 1 |  1.0
Ice Magic      | 1 |  1.0
Air Magic      | 1 |  1.0
Earth Magic    | 1 |  1.0
Poison Magic   | 1 |  1.0
Fighting       | |  4.7
Polearms       | |  4.7
Armour         | |  2.8
Dodging        | |  4.7
Charms         | |  5.5

Action                   |  1- 3 |  4- 6 || total
-------------------------+-------+-------++-------
Melee: Spear             |   164 |    87 ||   251
       Bite              |    12 |    11 ||    23
 Cast: Shroud of Golubri |     4 |     5 ||     9
       Spectral Weapon   |     1 |     2 ||     3
       Regeneration      |     1 |       ||     1
       Song of Slaying   |     1 |       ||     1
       Infusion          |       |     1 ||     1
 Stab: Sleeping          |     3 |     1 ||     4
       Distracted        |       |     1 ||     1
  Eat: Chunk             |     1 |     2 ||     3
Armor: Leather armour    |    23 |    19 ||    42
Dodge: Dodged            |    92 |    63 ||   155

Table legend:
 A = Non-vault XP
 B = Vault XP
 C = Vault XP percentage of total XP
 D = Non-vault monster count
 E = Vault monster count
 F = Vault count percentage of total count
                 A         B        C        D         E       F
            +---------+---------+-------+---------+---------+-------
      Total |     153 |      10 |   6.1 |      51 |       2 |   3.8
            +---------+---------+-------+---------+---------+-------
        D:1 |      48 |       0 |   0.0 |      24 |       0 |   0.0
        D:2 |      80 |      10 |  11.1 |      20 |       2 |   9.1
        D:3 |      25 |       0 |   0.0 |       7 |       0 |   0.0
            +---------+---------+-------+---------+---------+-------
